 Dungeon Crawl Stone Soup version 0.17-a0-2122-g03d97ec (webtiles) character file.

295267 brucemayne the Executioner (level 19, -19/222 HPs)
             Began as a Demonspawn Berserker on Oct 21, 2015.
             Was an Elder of Trog.
             Demolished by an acid blob (37 damage)
             ... on level 1 of the Pits of Slime.
             The game lasted 01:54:53 (18146 turns).

brucemayne the Executioner (Demonspawn Berserker)  Turns: 18146, Time: 01:54:53

Health: -19/222    AC:  2    Str: 26    XL:     19   Next: 62%
Magic:  0/32       EV: 17    Int: 17    God:    Trog [****..]
Gold:   1245       SH:  0    Dex: 13    Spells: 0 memorised, 18 levels left

rFire  . . .     SeeInvis .     J - +6 battleaxe (chop)
rCold  + . .     Clarity  .     u - +2 pearl dragon armour
rNeg   + + +     SustAt   .     (no shield)
rPois  +         Gourm    .     O - +1 helmet {Int+3}
rElec  .         Spirit   +     D - +1 cloak {rPois}
rCorr  .         Warding  .     d - +0 pair of gloves
rMut   .         Stasis   .     (boots unavailable)
MR     +....                    N - amulet "Xioluom" {rN+ Regen+ Int+4}
Stlth  ..........               m - ring of magical power
                                q - ring of the Skies Above {rC+ Dex+2}

@: berserking, corroded equipment, very quick, somewhat resistant to hostile
enchantments, extremely unstealthy
A: claws 1, talons 3, rough black scales 3, clumsy 1, negative energy resistance
1, spiny 1, wild magic 1, magic shield, magic regeneration, magic link
a: Berserk, Trog's Hand, Brothers in Arms, Burn Spellbooks, Renounce Religion
}: 3/15 runes: decaying, serpentine, silver


You were on level 1 of the Pits of Slime.
You worshipped Trog.
Trog was greatly pleased with you.
You were not hungry.

You visited 7 branches of the dungeon, and saw 39 of its levels.
You also visited: Volcano.

You collected 2167 gold pieces.
You spent 922 gold pieces at shops.

Inventory:

Hand Weapons
 J - a +6 battleaxe of chopping (weapon)
Missiles
 p - a throwing net (quivered)
 z - 8 curare-tipped needles
 M - 5 javelins
Armour
 d - a +0 pair of gloves (worn)
 u - a +2 pearl dragon armour (worn)
 D - a +1 cloak of poison resistance (worn)
 O - a +1 helmet of intelligence (worn)
Rods
 R - a +2 rod of destruction (12/12)
   (You found it on level 8 of the Lair of Beasts)
Jewellery
 k - an uncursed ring of see invisible
 m - a ring of magical power (right hand)
 o - an uncursed ring of protection from magic
 q - the ring of the Skies Above (left hand) {rC+ Dex+2}
   (You took it off a vault warden on level 5 of the Vaults)

   [ring of dexterity]

   It affects your dexterity (+2).
   It protects you from cold.
 A - an uncursed ring of teleportation
 N - the amulet "Xioluom" (around neck) {rN+ Regen+ Int+4}
   (You found it on level 1 of the Vaults)

   [amulet of regeneration]

   It affects your intelligence (+4).
   It protects you from negative energy.
   It increases your rate of regeneration.
 X - an uncursed amulet of clarity
Wands
 a - a wand of enslavement (4)
 e - a wand of paralysis (3)
 y - a wand of paralysis (10)
 B - a wand of teleportation (1)
 Q - a wand of draining (6)
 S - a wand of digging (13)
Scrolls
 f - 5 scrolls of identify
 i - 13 scrolls of remove curse
 L - 3 scrolls of fear
 U - a scroll of teleportation
 V - a scroll of magic mapping
Potions
 c - 2 potions of curing
 n - a potion of cancellation
 C - a potion of magic
 E - a potion of invisibility
 F - a potion of resistance
 K - 2 potions of heal wounds
 T - a potion of haste
 W - a potion of might
Miscellaneous
 G - a sack of spiders
Comestibles
 x - 4 meat rations
 H - 11 bread rations
 I - 6 royal jellies


   Skills:
 - Level 12.6 Fighting
 + Level 22.6 Axes
 - Level 13.5 Armour
 - Level 13.4 Dodging
 - Level 6.4 Evocations


You had 18 spell levels left.
You didn't know any spells.

Dungeon Overview and Level Annotations

Branches:
Dungeon (13/15)              Lair (8/8) D:9           Swamp (4/4) Lair:5
  Snake (4/4) Lair:6        Slime (1/6) Lair:6          Orc (4/4) D:9
    Elf (0/3) Orc:3        Vaults (5/5) D:13          Crypt (0/3) Vaults:3
 Temple: D:4-7

Altars:
Cheibriados
Elyvilon
Kikubaaqudgha
Makhleb
Okawaru
Vehumet
Yredelemnul
Beogh
Jiyva

Shops:
D:11 :   Orc:3 (   Orc:4 [:**   Vaults:3 !

Portals:
Hell: Lair:8

Annotations:
D:12 okavault, exclusion: downstairs
Snake:1 exclusion: downstairs


Innate Abilities, Weirdness & Mutations

You have claws for feet.
You are completely covered in rough black scales (AC +10, Dex -3).
You resist negative energy.
You are partially covered in sharp spines.
When hurt, damage is shared between your health and your magic reserves.
You regenerate magic rapidly.
When low on magic, you restore magic in place of health.
You have sharp fingernails.
You are clumsy. (Dex -2)
Your spells are a little harder to cast, but a little more powerful.


Message History

* * * LOW HITPOINT WARNING * * *
Use which ability?
A red film seems to cover your vision as you go berserk!
You feel yourself moving faster!
You feel mighty!
You feel somewhat more hungry. The acid blob spits acid at you.
The splash of acid hits you!
* * * LOW HITPOINT WARNING * * *
The acid corrodes you!
The acid burns!
* * * LOW HITPOINT WARNING * * *
You slice the acid blob!! The acid corrodes you!
Your hands burn!
* * * LOW HITPOINT WARNING * * *
The acid blob is severely wounded.
Unknown command.
You slash the acid blob!
Your hands burn!
* * * LOW HITPOINT WARNING * * *
You claw the acid blob.
The acid blob is almost dead.
The acid blob is struck by your spines. The acid blob hits you!!!
You die...

#....## ## .
##.....# #.#..
#......##.....
#.#...#.#.#..
##..........#. ..
#.............
....#.....<.......
....G.............
........@.........
.......J..........
..................
..................
.........#........
....#....##....#..
.....#..#. ##.##
....... . ##


You could see an acid blob and an eye of draining.

Vanquished Creatures
  Xtahua (Vaults:3)
  A lich (Vaults:5)
  Rupert (Orc:4)
  4 titans (Vaults:5)
  6 tentacled monstrosities (Vaults:5)
  A quicksilver dragon (Vaults:5)
  An acid blob (Slime:1)
  Gastronok (Lair:2)
  A thorn hunter (Swamp:4)
  3 shadow dragons (Vaults:5)
  Kirke (Lair:6)
  5 tengu reavers (Vaults:5)
  6 greater nagas (Snake:4)
  2 sphinxes (Vaults:5)
  A frost giant (Vaults:5)
  Donald (D:13)
  Maud (D:12)
  8 vault wardens
  A deep elf sorcerer (Vaults:5)
  An orc warlord (Orc:4)
  6 ironheart preservers
  A very ugly thing (Vaults:5)
  2 war gargoyles
  5 stone giants
  A large abomination (Vaults:5)
  2 salamander stormcallers (Vaults:5)
  Snorg (Lair:4)
  2 deep elf death magi (Vaults:5)
  26 vault guards
  3 ettins
  12 yaktaur captains
  2 great orbs of eyes
  8 ogre magi
  21 hydras
  13 anacondas
  Fannar (Orc:2)
  A catoblepas (Lair:5)
  7 naga warriors
  2 alligators
  3 centaur warriors
  A queen ant (shapeshifter) (Vaults:5)
  5 orc high priests (Orc:4)
  Urug (Orc:2)
  6 shock serpents (Snake:4)
  16 naga sharpshooters
  Sonja (Lair:4)
  2 shadow wraiths
  A skeletal warrior (D:13)
  3 salamander mystics (Snake:4)
  A fire crab (Lair:4)
  9 deep trolls
  5 ironbrand convokers
  3 shambling mangroves
  A wizard (Lair:8)
  A swamp dragon (shapeshifter) (Vaults:3)
  4 lindwurms (Snake:4)
  7 orc knights
  4 naga ritualists
  9 swamp dragons
  3 orc sorcerers
  2 deep elf conjurers
  A necromancer (Vaults:5)
  2 hill giants
  3 griffons
  4 ugly things
  4 salamanders
  6 mana vipers
  2 hornets
  10 guardian serpents
  Maurice (D:12)
  14 elephants
  31 black mambas
  2 toenail golems (Volcano)
  20 naga magi
  4 vault sentinels
  A smoke demon (Lair:8)
  10 spiny frogs
  2 molten gargoyles (Volcano)
  2 orange demons (Lair:8)
  A torpor snail (Lair:7)
  7 komodo dragons
  21 yaktaurs
  2 deep elf priests (Vaults:5)
  A giant leech (Swamp:1)
  A hellwing (Lair:8)
  3 trolls
  4 fire drakes
  A merfolk (shapeshifter) (Vaults:5)
  13 two-headed ogres
  2 red devils (Lair:8)
  4 freezing wraiths
  A polar bear (Lair:7)
  16 slime creatures
  2 blue devils (Lair:8)
  3 blink frogs (Lair:5)
  3 bog bodies
  A wyvern (Lair:7)
  25 yaks
  5 hogs (Lair:6)
  14 humans (D:13)
  5 deep elf fighters
  5 redbacks (Vaults:5)
  A steam dragon (D:12)
  A human (shapeshifter) (Vaults:1)
  A tarantella (Vaults:5)
  4 basilisks
  2 fire elementals (Volcano)
  9 hippogriffs
  A wraith (D:10)
  A hungry ghost (D:12)
  5 spriggans
  14 vampire mosquitoes
  A golden eye (shapeshifter) (Vaults:5)
  6 wolves (Lair:7)
  44 nagas
  7 swamp worms
  2 soldier ants (D:10)
  5 porcupines
  4 wargs
  10 water moccasins
  A mottled dragon (Vaults:2)
  A spider (D:10)
  An ice beast (D:12)
  A hell hound (Lair:8)
  9 swamp drakes
  11 wasps
  49 ogres
  44 orc warriors
  4 sky beasts
  2 necrophages
  15 crocodiles
  An eye of draining (shapeshifter) (Vaults:4)
  2 phantoms
  A boggart (D:13)
  3 centaurs
  11 giant frogs
  3 scorpions (D:10)
  6 wights
  9 killer bees
  An electric eel (Lair:3)
  2 crimson imps (D:9)
  3 centaur zombies
  A giant frog zombie (D:10)
  3 lava snakes (Volcano)
  2 human zombies (D:10)
  6 jellies
  28 orc priests
  A hound (D:5)
  A giant frog skeleton (D:9)
  5 iguanas
  2 centaur skeletons
  5 worker ants
  22 orc wizards
  A human skeleton (D:10)
  A boulder beetle simulacrum (Vaults:3)
  An ogre zombie (D:10)
  A sheep (D:9)
  A hound zombie (D:10)
  A hound skeleton (D:10)
  4 mummies (D:10)
  8 gnolls
  3 adders
  25 river rats
  2 shadow imps
  An ooze (Lair:6)
  An adder skeleton (D:7)
  A worm (D:2)
  2 giant geckos
  157 orcs
  A ball python (D:4)
  A giant cockroach (D:3)
  A hobgoblin (D:3)
  3 jackals (D:8)
  A quokka (D:3)
  A giant gecko skeleton (D:4)
  3 kobolds
  An orc skeleton (D:10)
  2 rats
  A briar patch (Swamp:2)
  5 crawling corpses (Vaults:5)
  3 fungi (Lair:6)
  A plant (Lair:8)
1118 creatures vanquished.

Vanquished Creatures (collateral kills)
  A great orb of eyes (Vaults:5)
  A hydra (Swamp:4)
  3 anacondas (Snake:4)
  A shock serpent (Snake:4)
  A naga sharpshooter (Snake:4)
  A sun demon (Lair:8)
  An ugly thing (Volcano)
  A molten gargoyle (Volcano)
  2 red devils (Lair:8)
  A blue devil (Lair:8)
  A water moccasin (Lair:8)
14 creatures vanquished.

Vanquished Creatures (others)
  A tengu reaver (Vaults:5)
  A deep elf high priest (Vaults:5)
  A vault guard (Vaults:5)
  A deep troll (Vaults:5)
  An ugly thing (Vaults:5)
  A black mamba (Snake:4)
  An orc priest (Vaults:5)
  An orc (Orc:4)
  2 fire vortices (Vaults:5)
  2 fungi
12 creatures vanquished.

Grand Total: 1144 creatures vanquished

Notes
Turn   | Place    | Note
--------------------------------------------------------------
     0 | D:1      | brucemayne the Demonspawn Berserker began the quest for the Orb.
     0 | D:1      | Reached XP level 1. HP: 18/18 MP: 1/1
    72 | D:2      | You fall through a shaft for 2 floors!
    75 | D:4      | Noticed a centaur skeleton
    75 | D:4      | Noticed a worker ant
    80 | D:4      | Killed a worker ant
    80 | D:4      | Gained mutation: You have sharp toenails. [demonic ancestry]
    80 | D:4      | Reached XP level 2. HP: 24/24 MP: 2/2
    80 | D:4      | Killed a centaur skeleton
    80 | D:4      | Reached skill level 4 in Axes
    80 | D:4      | Gained mutation: When hurt, damage is shared between your health and your magic reserves. [demonic ancestry]
    80 | D:4      | Reached XP level 3. HP: 29/29 MP: 3/3
    84 | D:4      | Gained mutation: You are partially covered in sharp spines. [demonic ancestry]
    84 | D:4      | Reached XP level 4. HP: 35/35 MP: 4/4
   119 | D:4      | Noticed an ogre
   126 | D:4      | Killed an ogre
   126 | D:4      | Reached skill level 5 in Axes
   126 | D:4      | Gained mutation: You have razor-sharp toenails. [demonic ancestry]
   126 | D:4      | Reached XP level 5. HP: 41/41 MP: 5/5
   163 | D:4      | Noticed a phantom
   243 | D:5      | Entered Level 5 of the Dungeon
   254 | D:4      | Found a snail-covered altar of Cheibriados.
   258 | D:4      | Noticed an orc wizard
   294 | D:5      | Reached skill level 6 in Axes
   326 | D:5      | Noticed a sky beast
   339 | D:5      | Killed a sky beast
   339 | D:5      | Gained mutation: You regenerate magic rapidly. [demonic ancestry]
   339 | D:5      | Reached XP level 6. HP: 30/47 MP: 4/6
   343 | D:5      | Gained mutation: You are frail (-10% HP). [mutagenic meat]
   344 | D:5      | Gained mutation: You passively map a small area around you. [mutagenic meat]
   345 | D:5      | Gained mutation: You are agile. (Dex +2) [mutagenic meat]
   346 | D:5      | Gained mutation: You are somewhat resistant to further mutation. [mutagenic meat]
   355 | D:5      | Lost mutation: You are frail (-10% HP). [potion of cure mutation]
   355 | D:5      | Lost mutation: You are agile. (Dex +2) [potion of cure mutation]
   355 | D:5      | Lost mutation: You passively map a small area around you. [potion of cure mutation]
   355 | D:5      | Lost mutation: You are somewhat resistant to further mutation. [potion of cure mutation]
   552 | D:7      | Reached skill level 7 in Axes
   560 | D:7      | Reached XP level 7. HP: 42/52 MP: 7/7
   586 | D:8      | Reached ** piety under Trog
   588 | D:8      | Reached skill level 8 in Axes
   690 | D:8      | Gained mutation: Your spells are a little harder to cast, but a little more powerful. [mutagenic meat]
   691 | D:8      | Gained mutation: You are clumsy. (Dex -2) [mutagenic meat]
   692 | D:8      | Gained mutation: You have sharp fingernails. [mutagenic meat]
   822 | D:7      | Noticed a hippogriff
   842 | D:7      | Killed a hippogriff
   842 | D:7      | Reached skill level 9 in Axes
   842 | D:7      | Gained mutation: You have claws for feet. [demonic ancestry]
   842 | D:7      | Reached XP level 8. HP: 14/58 MP: 3/8
  1095 | D:10     | Entered Level 10 of the Dungeon
  1109 | D:10     | Noticed a troll
  1125 | D:10     | Killed a troll
  1125 | D:10     | Reached skill level 10 in Axes
  1385 | D:11     | Found Onuonob's Book Shop.
  1453 | D:12     | Reached skill level 11 in Axes
  1453 | D:12     | Reached XP level 9. HP: 54/63 MP: 7/9
  1546 | D:13     | Found a gate to the Vaults.
  1546 | D:13     | Noticed Donald
  1546 | D:13     | Noticed a hill giant
  1546 | D:13     | Noticed a skeletal warrior
  1616 | D:12     | Found a runed door.
  1622 | D:12     | Noticed an ogre mage
  1630 | D:12     | Killed an ogre mage
  1630 | D:12     | Reached skill level 12 in Axes
  1650 | D:12     | Noticed a troll
  1653 | D:12     | Noticed a hill giant
  1682 | D:12     | Killed a troll
  1685 | D:12     | Killed a hill giant
  1685 | D:12     | Reached skill level 13 in Axes
  1687 | D:12     | Reached XP level 10. HP: 46/70 MP: 8/10
  1764 | D:12     | Noticed a troll
  1793 | D:12     | Noticed a fire giant
  1814 | D:12     | Noticed a brown ugly thing
  1846 | D:12     | Killed a brown ugly thing
  1945 | D:12     | Killed a troll
  1965 | D:12     | Noticed Maurice
  1984 | D:12     | Killed Maurice
  1997 | D:12     | Noticed Maud
  2005 | D:12     | Killed Maud
  2005 | D:12     | Reached skill level 14 in Axes
  2058 | D:12     | Noticed a centaur warrior
  2282 | D:12     | Noticed a centaur warrior
  2298 | D:12     | Killed a centaur warrior
  2298 | D:12     | Reached skill level 15 in Axes
  2298 | D:12     | Reached XP level 11. HP: 75/75 MP: 9/11
  2484 | D:12     | Killed a centaur warrior
  2578 | D:12     | Noticed an orc knight
  2607 | D:12     | Killed an orc knight
  2670 | D:12     | Found an iron altar of Okawaru.
  3299 | D:10     | Found an ancient bone altar of Kikubaaqudgha.
  3338 | D:10     | Reached skill level 5 in Fighting
  3497 | D:9      | Found a staircase to the Lair.
  3497 | D:9      | Noticed an elephant
  3514 | D:9      | Killed an elephant
  3543 | D:9      | Found a staircase to the Orcish Mines.
  3578 | Orc:1    | Entered Level 1 of the Orcish Mines
  3604 | Orc:1    | Reached *** piety under Trog
  3684 | Orc:2    | Noticed Urug
  3698 | Orc:2    | Killed Urug
  3801 | Orc:3    | Received a gift from Trog
  3895 | Orc:3    | Reached **** piety under Trog
  3938 | Orc:4    | Entered Level 4 of the Orcish Mines
  4019 | Orc:4    | Reached skill level 16 in Axes
  4074 | Orc:4    | Noticed Rupert
  4087 | Orc:4    | Killed Rupert
  4087 | Orc:4    | Gained mutation: You are partially covered in rough black scales (AC +4, Dex -1). [demonic ancestry]
  4087 | Orc:4    | Reached XP level 12. HP: 52/86 MP: 4/12
  4299 | Orc:4    | Noticed an orc high priest
  4313 | Orc:4    | Killed an orc high priest
  4362 | Orc:4    | Reached ***** piety under Trog
  4369 | Orc:4    | Found a roughly hewn altar of Beogh.
  4424 | Orc:4    | Reached skill level 17 in Axes
  4506 | Orc:4    | Paralysed by an orc sorcerer for 5 turns
  4531 | Orc:4    | Found Raidof's Armour Emporium.
  4545 | Orc:4    | Found Zezakhlit's Book Shoppe.
  4786 | Orc:4    | Noticed an orc warlord
  4809 | Orc:4    | Killed an orc warlord
  4849 | Orc:4    | Noticed an orc high priest
  4877 | Orc:4    | Killed an orc high priest
  4877 | Orc:4    | Reached skill level 5 in Armour
  4917 | Orc:4    | Received a gift from Trog
  4949 | Orc:4    | Found Oxzaips's Assorted Antiques.
  5043 | Orc:4    | Noticed an orc high priest
  5049 | Orc:4    | Killed an orc high priest
  5079 | Orc:4    | Found Xelarenn's Assorted Antiques.
  5087 | Orc:4    | Bought a tapered bone wand for 108 gold pieces
  5087 | Orc:4    | Bought a forked gold wand for 108 gold pieces
  5104 | Orc:4    | Found a roughly hewn altar of Beogh.
  5153 | Orc:4    | Bought a bronze wand for 112 gold pieces
  5182 | Orc:4    | Bought a white potion for 24 gold pieces
  5182 | Orc:4    | Bought a scroll of identify for 54 gold pieces
  5182 | Orc:4    | Bought a scroll of fear for 94 gold pieces
  5208 | Orc:4    | Noticed an orc high priest
  5238 | Orc:4    | Killed an orc high priest
  5277 | Orc:4    | Noticed an orc high priest
  5301 | Orc:4    | Killed an orc high priest
  5395 | Orc:2    | Noticed Fannar
  5416 | Orc:2    | Killed Fannar
  5416 | Orc:2    | Gained mutation: When low on magic, you restore magic in place of health. [demonic ancestry]
  5416 | Orc:2    | Reached XP level 13. HP: 80/96 MP: 13/13
  5503 | Orc:3    | Found Gineuhann's Antique Weapon Shop.
  5554 | Orc:3    | Found a staircase to the Elven Halls.
  5709 | Orc:3    | Bought a glowing battleaxe for 188 gold pieces
  5752 | Lair:1   | Entered Level 1 of the Lair of Beasts
  5788 | Lair:2   | Received a gift from Trog
  5815 | Lair:2   | Noticed Gastronok
  5830 | Lair:2   | Killed Gastronok
  5863 | Lair:1   | Reached skill level 18 in Axes
  6030 | Lair:4   | Noticed Snorg
  6032 | Lair:4   | Noticed Sonja
  6115 | Lair:4   | Killed Sonja
  6513 | Lair:5   | Reached skill level 10 in Fighting
  6566 | Lair:6   | Found a runed door.
  6568 | Lair:6   | Found a viscous altar of Jiyva.
  6684 | Lair:6   | Noticed Kirke
  6693 | Lair:6   | Killed Kirke
  6693 | Lair:6   | Received a gift from Trog
  6878 | Lair:6   | Reached XP level 14. HP: 75/110 MP: 12/14
  6881 | Lair:6   | Found a staircase to the Snake Pit.
  7129 | Lair:8   | Entered Level 8 of the Lair of Beasts
  7188 | Lair:8   | Found a dark tunnel.
  7219 | Volcano  | Entered a volcano
  7399 | Volcano  | Found a bloodstained altar of Trog.
  7409 | Volcano  | Reached skill level 1 in Evocations
  7678 | Lair:8   | Reached skill level 19 in Axes
  7874 | Lair:8   | Found a burning altar of Makhleb.
  7907 | Lair:8   | Received a gift from Trog
  7997 | Lair:8   | Found a gateway to Hell.
  8033 | Lair:8   | Reached skill level 5 in Evocations
  8411 | Lair:4   | Identified a scroll of acquirement
  8603 | Snake:1  | Entered Level 1 of the Snake Pit
  9018 | Snake:1  | Gained mutation: You are mostly covered in rough black scales (AC +7, Dex -2). [demonic ancestry]
  9018 | Snake:1  | Reached XP level 15. HP: 76/115 MP: 17/19
  9149 | Snake:2  | Reached skill level 5 in Dodging
  9286 | Snake:2  | Received a gift from Trog
  9494 | Snake:3  | Got a crystal halberd
  9516 | Snake:4  | Entered Level 4 of the Snake Pit
  9516 | Snake:4  | Noticed a greater naga
  9613 | Snake:3  | Reached skill level 20 in Axes
  9863 | Snake:4  | Killed a greater naga
 10135 | Snake:4  | Noticed a greater naga
 10160 | Snake:4  | Killed a greater naga
 10295 | Snake:4  | Noticed a greater naga
 10296 | Snake:4  | Noticed a greater naga
 10300 | Snake:4  | Killed a greater naga
 10301 | Snake:4  | Killed a greater naga
 10400 | Snake:4  | Noticed a greater naga
 10414 | Snake:4  | Killed a greater naga
 10489 | Snake:4  | Noticed a greater naga
 10522 | Snake:4  | Gained mutation: You are completely covered in rough black scales (AC +10, Dex -3). [demonic ancestry]
 10522 | Snake:4  | Reached XP level 16. HP: 91/122 MP: 16/20
 10526 | Snake:4  | Killed a greater naga
 10580 | Snake:4  | Reached skill level 10 in Armour
 10612 | Snake:4  | HP: 6/122 [black mamba (5)]
 10621 | Snake:4  | HP: 3/122 [shock serpent/bolt of electricity (12)]
 10630 | Snake:4  | HP: 6/122 [shock serpent/electric aura (1)]
 10636 | Snake:4  | HP: 4/122 [black mamba (2)]
 10908 | Snake:4  | Reached skill level 10 in Dodging
 11190 | Snake:4  | Got a serpentine rune of Zot
 11704 | Lair:4   | Killed Snorg
 11820 | Lair:5   | Found a staircase to the Swamp.
 11853 | Swamp:1  | Entered Level 1 of the Swamp
 12077 | Swamp:4  | Entered Level 4 of the Swamp
 12371 | Swamp:4  | Got a decaying rune of Zot
 12432 | Swamp:3  | Reached XP level 17. HP: 72/128 MP: 21/21
 12689 | Swamp:1  | Found a radiant altar of Vehumet.
 12989 | D:9      | Found a white marble altar of Elyvilon.
 13074 | D:12     | Noticed a four-headed hydra
 13079 | D:12     | Killed a one-headed hydra
 13139 | D:13     | Noticed a centaur zombie
 13145 | D:13     | Killed a hill giant
 13151 | D:13     | Killed Donald
 13154 | D:13     | Killed a centaur zombie
 13159 | D:13     | Killed a skeletal warrior
 13180 | D:13     | Identified a +2 rod of destruction (12/12) (You found it on level 8 of the Lair of Beasts)
 13195 | Vaults:1 | Entered Level 1 of the Vaults
 13420 | Vaults:3 | Received a gift from Trog
 13587 | Vaults:5 | Entered Level 5 of the Vaults
 13785 | Vaults:5 | Noticed a tentacled monstrosity
 13861 | Vaults:5 | Received a gift from Trog
 13893 | Vaults:5 | Noticed a tentacled monstrosity
 13899 | Vaults:5 | Killed a tentacled monstrosity
 13918 | Vaults:5 | Gained mutation: You resist negative energy. [demonic ancestry]
 13918 | Vaults:5 | Reached XP level 18. HP: 75/140 MP: 14/22
 14031 | Vaults:5 | Received a gift from Trog
 14047 | Vaults:5 | Got a heavily runed tin ring
 14069 | Vaults:5 | Noticed a tentacled monstrosity
 14090 | Vaults:5 | Killed a tentacled monstrosity
 14677 | Vaults:5 | Identified the ring "Carops" {rN+ Stlth-} (You took it off a yaktaur on level 5 of the Vaults)
 14689 | Vaults:5 | Noticed a lich
 14709 | Vaults:5 | Killed a lich
 14972 | Vaults:5 | Noticed a tentacled monstrosity
 15089 | Vaults:5 | Killed a tentacled monstrosity
 15186 | Vaults:5 | Reached skill level 21 in Axes
 15359 | Vaults:5 | Killed a tentacled monstrosity
 15429 | Vaults:5 | Got a glittering marble ring
 15437 | Vaults:5 | Identified the ring of the Skies Above {rC+ Dex+2} (You took it off a vault warden on level 5 of the Vaults)
 15640 | Vaults:5 | Reached XP level 19. HP: 104/148 MP: 17/23
 15921 | Vaults:5 | Got a silver rune of Zot
 15933 | Vaults:5 | Noticed a tentacled monstrosity
 15950 | Vaults:5 | Killed a tentacled monstrosity
 15975 | Vaults:5 | Got a bloodstained chain mail
 16202 | Vaults:4 | Identified the +8 chain mail of the Swamp {rC- MP+9 Str+6 Dex+2} (You took it off a vault warden on level 5 of the Vaults)
 16323 | Vaults:4 | Reached skill level 22 in Axes
 16550 | Vaults:3 | Found Vufukecymm's Distillery.
 16558 | Vaults:3 | Bought a potion of resistance for 180 gold pieces
 16558 | Vaults:3 | Bought a potion of curing for 54 gold pieces
 16625 | Vaults:3 | Noticed Xtahua
 16634 | Vaults:3 | Killed Xtahua
 16718 | Vaults:3 | Found a staircase to the Crypt.
 16718 | Vaults:3 | Found an ancient bone altar of Kikubaaqudgha.
 16718 | Vaults:3 | Found a basalt altar of Yredelemnul.
 17110 | Vaults:1 | Got a steaming iron amulet
 17116 | Vaults:1 | Identified the amulet "Xioluom" {rN+ Regen+ Int+4} (You found it on level 1 of the Vaults)
 17442 | D:4      | Killed an orc wizard
 17460 | D:4      | Killed a phantom
 17966 | Lair:6   | Found a staircase to the Slime Pits.
 17998 | Slime:1  | Entered Level 1 of the Pits of Slime
 18146 | Slime:1  | Demolished by an acid blob

Vault maps used:
D:1:      lemuel_arrival_river_bridge
D:2:      old_standard_altar, kennysheep_path_1, minmay_misc_feat_rows,
          uniq_natasha
D:3:      minitemple, uniq_crazy_yiuf_cottage
D:4:      led_sif_book, old_standard_altar, grunt_ministairs_2, uniq_grinder
D:5:      first_bread, nicolae_ru_great_annihilating_truth
D:6:      kennysheep_little_box, minmay_temple_entry_statues_fountains
D:7:      uniq_pikel
D:9:      grunt_temple_overflow_open, david_lair_generic, orc_0_dummy
D:10:     hangedman_pestilent_swarm, lemuel_mausoleum_altar_kikubaaqudgha
D:11:     serial_shops, nicolae_shop_behind_doors,
          portal_ice_cave_entry_ice_statue_01
D:12:     evilmike_iron_armoury, lightli_airlock, uniq_maurice, uniq_maud
D:13:     minmay_containers, david_vaults_3, okawaru_ov_weapons_minmay
Lair:1:   serial_forest, infiniplex_forest_clump_cross,
          infiniplex_forest_clump_curved, infiniplex_forest_clump_double,
          infiniplex_forest_straight_1, infiniplex_forest_clump_large,
          infiniplex_forest_clump_double, infiniplex_forest_lined_2,
          infiniplex_forest_clump_medium, infiniplex_forest_pool,
          infiniplex_forest_clump_large, infiniplex_staircase_pool_2,
          lemuel_fruit_tree
Lair:2:   uniq_gastronok
Lair:3:   minivault_27, serial_bayou_shore_a
Lair:4:   grunt_megastairs_2, serial_bayou_shore_b, uniq_sonja, uniq_snorg
Lair:5:   swamp_mist, st_stairs_3, grunt_forest_stairs_basic
Lair:6:   dummy_snake_entry, slime_altar_2, small_statue_intersection,
          uniq_kirke
Lair:8:   evil_forest, nicolae_volcano_entry_lava_flow, serial_bayou_shore_b
Swamp:1:  basic_altar
Swamp:2:  basic_altar
Swamp:3:  nicolae_swamp_fairy_circle
Swamp:4:  swamp, uniq_roxanne
Snake:3:  serial_bayou_lagoon_a, hangedman_snake_corridor_cut
Snake:4:  snake_pit_salamanders_mu
Orc:2:    uniq_urug, uniq_fannar
Orc:3:    serial_shops, shop, nicolae_orc_pool_cavern
Orc:4:    pubby_orc_utopia, uniq_rupert, uniq_donald
Vaults:1: v_misc_24, ontoclasm_vaults_echo, vaults_room_corners,
          nicolae_vaults_asterisk, vaults_mumra_minichess, v_pattern_3,
          ontoclasm_vaults_ring_large, vaults_room_pool, grunt_vaults_twisty,
          ontoclasm_vaults_loading_screen
Vaults:2: vaults_room_fancy_cross, grunt_vaults_diagonal,
          hangedman_vaults_corner_blocks, v_misc_17, v_misc_28,
          ontoclasm_vaults_ring_square, v_misc_24,
          nicolae_vaults_ring_of_whatevers, nicolae_vaults_little_squares_1,
          vaults_room_ringed_pool, v_pattern_2, nicolae_vaults_little_ls,
          nicolae_vaults_rhombus_5, dpeg_vaults_monster_box
Vaults:3: hangedman_vaults_cutoff, nicolae_vaults_ninety_degrees,
          ontoclasm_vaults_loading_screen, nicolae_vaults_circle_grid_b,
          ontoclasm_vaults_ring_square, ontoclasm_vaults_ring_square,
          nicolae_vaults_shelves_hall, v_pattern_1,
          nicolae_vaults_little_squares_4, v_misc_33, v_misc_12,
          nicolae_vaults_ring_of_whatevers, v_misc_3,
          hangedman_vaults_corner_blocks, minmay_crypt_entry_necro_gods,
          serial_shops, shop, uniq_xtahua
Vaults:4: vaults_mumra_lcd, v_misc_10, nicolae_vaults_big_ls,
          nicolae_vaults_quadrants, v_misc_14, v_pattern_4,
          nicolae_vaults_three_branches, vaults_dpeg_diagonal, v_misc_26,
          hangedman_vaults_trim, v_misc_8
Volcano:  volcano_lake

Action                   |  1- 3 |  4- 6 |  7- 9 | 10-12 | 13-15 | 16-18 | 19-21 || total
-------------------------+-------+-------+-------+-------+-------+-------+-------++-------
Melee: Hand axe          |    12 |    28 |    15 |       |       |       |       ||    55
       War axe           |       |       |   118 |   265 |       |       |       ||   383
       Battleaxe         |       |       |       |   382 |   892 |  1085 |   358 ||  2717
       Executioner's axe |       |       |       |       |       |    22 |       ||    22
Invok: Berserk           |     1 |     3 |     7 |    18 |    11 |    12 |     5 ||    57
       Trog's Hand       |       |       |     7 |    22 |    33 |    57 |    14 ||   133
       Brothers in Arms  |       |       |       |       |     3 |     8 |       ||    11
 Abil: Evoke Teleportati |       |       |       |       |     1 |     1 |     1 ||     3
Evoke: Wand              |       |       |     4 |     8 |     1 |    16 |     2 ||    31
  Use: Potion            |       |     4 |     2 |     2 |     3 |    19 |       ||    30
       Scroll            |       |       |     5 |     8 |    15 |    17 |     3 ||    48
 Stab: Paralysed         |       |       |       |     4 |     3 |     3 |       ||    10
  Eat: Chunk             |       |     6 |    10 |    34 |    26 |    25 |     6 ||   107
       Bread ration      |       |     1 |       |       |       |       |     1 ||     2
       Fruit             |       |       |     1 |     3 |     4 |       |       ||     8
       Beef jerky        |       |       |       |     1 |     1 |     5 |       ||     7
       Pizza             |       |       |       |       |     3 |       |       ||     3
       Royal jelly       |       |       |       |       |       |     3 |       ||     3
       Meat ration       |       |       |       |       |       |     1 |     1 ||     2
